 Dungeon Sprint DCSS version 0.31-a0-806-g0bc164a743 (webtiles) character file.

Game seed: 1466825606711495221

25 sircluck the Ruffian (level 2, -2/32 HPs)
             Began as a Troll Berserker on Sept 21, 2023.
             Was a Believer of Trog.
             Drowned by a water elemental (6 damage)
             ... in the Dungeon (Sprint III: "The Ten Rune Challenge").
             The game lasted 00:00:27 (103 turns).

sircluck the Ruffian (Troll Berserker)               Turns: 103, Time: 00:00:28

Health: -2/32      AC:  4    Str: 22    XL:     2   Next: 86%
Magic:  1/1        EV: 10    Int:  3    God:    Trog [**....]
Gold:   15         SH:  0    Dex:  9    Spells: 1/1 levels left

rFire   + .          .
                       - Unarmed
rCold   . . .        (no shield)
rNeg    . . .        a - +0 animal skin
rPois   .            (helmet restricted)
rElec   .            (no cloak)
rCorr   .            (gloves unavailable)
SInv    .            (boots unavailable)
Will    .....        (no amulet)
Stlth   +            (no ring)
HPRegen 1.05/turn    (no ring)
MPRegen 0.07/turn

%: no teleportation
@: engulfed (cannot breathe)
A: large, unfitting armour, claws 3, regeneration 1, shaggy fur 1, tough skin 1,
horns 1, fire resistance 1, weak 1
a: Renounce Religion, Berserk, Trog's Hand


You were in the Dungeon.
You worshipped Trog.
Trog was pleased with you.
You visited 1 branch You collected 15 gold pieces.

Inventory:

Armour
 a - a +0 animal skin (worn)
Scrolls
 g - a scroll of blinking
 i - a scroll of torment {unknown}
 j - 3 scrolls of identify
 k - a scroll of immolation {unknown}
Potions
 b - 2 potions of curing
 c - a potion of heal wounds
 d - 2 potions of haste
 e - 2 potions of magic
 f - a potion of berserk rage
 l - 2 potions of enlightenment {unknown}


   Skills:
 + Level 3.7 Fighting
 + Level 3.6 Dodging
 + Level 4.4 Unarmed Combat


You had one spell level left.
You didn't know any spells.
Your spell library was empty.

Dungeon Overview and Level Annotations

Branches:
Dungeon (1/1)

Altars:


Innate Abilities, Weirdness & Mutations

You are too large for most types of armour.
You have claws for hands.
Your natural rate of healing is unusually fast.
You are covered in fur. (AC +1)
You have tough skin. (AC +1)
You have a pair of small horns on your head.
Your flesh is heat resistant. (rF+)
You are weak. (Str -2)


Message History

You destroy the phantom!
Trog accepts your kill.
No target in view!
No target in view!
No target in view!
No target in view!
No target in view!
No target in view!
No target in view!
No target in view!
No target in view!
You enter the shallow water.
You open the door.
There is an open door here.
You now have 7 gold pieces.
You now have 15 gold pieces (gained 8).
h - a fizzy clear potion;
i - a scroll labelled NUKHLA LIUCU
j - a scroll of identify;
d - 2 potions of haste (gained 1)
b - 2 potions of curing (gained 1)
h - 2 fizzy clear potions (gained 1)
k - a scroll labelled KIDENIE KAFFELALLI
j - 3 scrolls of identify (gained 2);
l - an orange potion
l - 2 orange potions (gained 1) It was a potion of mutation.
You feel extremely strange.
Your body twists and deforms.
You feel extremely strange.
Your body's shape seems more normal.
You feel weaker. A pair of horns grows on your head!
You feel resistant to heat.
There is an open door here.
You enter the shallow water.
You open the door.
A water elemental comes into view.
The water elemental hits you!!
Ouch! That really hurt!
The water elemental hits you.
The water elemental engulfs you in water!
Your lungs strain for air!
The water elemental hits you!
* * * LOW HITPOINT WARNING * * *
You die...

▓▓▓▓▓▓▓▓▓▓▓▓ ▓▓▓
<.#..'.....♣♣ ♣.#
..#..#....♣.♣ ♣.#
#'####....♣♣♣ ♣.#
.....#....~.♣♣♣♣.#
.....#...~~♣..♣.@#
....[#..~~~~.....E.⌠....
####'#..~≈≈~~~...#...###
(...†#.~~≈~~~....#.⌠.#
.....#.~≈~~~.....# ..#
.....#.~~~.......# ###
'#####...........#
.................#
▓▓▓▓▓▓▓▓▓▓▓▓▓▓▓▓▓▓


You could see a water elemental.

Vanquished Creatures
  A human (D)
  A phantom (D)
  An endoplasm (D)
  3 rats (D)
6 creatures vanquished.

Notes
Turn   | Place    | Note
-------+----------+-------------------------------------------
     0 | D        | sircluck the Troll Berserker began the quest for the Orb.
     0 | D        | Reached XP level 1. HP: 22/22 MP: 0/0
    14 | D        | Reached ** piety under Trog
    40 | D        | Reached skill level 4 in Unarmed Combat
    40 | D        | Reached XP level 2. HP: 20/31 MP: 1/1
    83 | D        | Gained mutation: Armour fits poorly on your strangely
                  | shaped body. [potion of mutation]
    84 | D        | Lost mutation: Armour fits poorly on your strangely shaped
                  | body. [potion of mutation]
    84 | D        | Gained mutation: You are weak. (Str -2) [potion of
                  | mutation]
    84 | D        | Gained mutation: You have a pair of small horns on your
                  | head. [potion of mutation]
    84 | D        | Gained mutation: Your flesh is heat resistant. (rF+)
                  | [potion of mutation]
    98 | D        | Noticed a water elemental
   103 | D        | Drowned by a water elemental

Illustrated notes

Levels and vault maps discovered:
D:        dungeon_sprint_mu [sprint_mu_entry_forest, sprint_mu_temple_rooms,
          sprint_mu_d1_horrors, sprint_mu_d2_genie, sprint_mu_d3_branching,
          sprint_mu_orc_legion, sprint_mu_elf_gauntlet, sprint_mu_hive_nellie,
          sprint_mu_lair_fedhas, sprint_mu_vaults_butterflies,
          sprint_mu_slime_circle, sprint_mu_swamp_cave, sprint_mu_shoals_kraken,
          sprint_mu_blade_basic, sprint_mu_crypt_fortress,
          sprint_mu_tomb_spiral, sprint_mu_vestibule_basic,
          sprint_mu_gehenna_hellfire, sprint_mu_dis_giant,
          sprint_mu_tartarus_statrot, sprint_mu_cocytus_islands, sprint_mu_zot1]

Skill      XL: |  1 |
---------------+----+-----
Fighting       | 3 |  3.7
Dodging        | 3 |  3.6
Unarmed Combat | 4 |  4.4

Action                     || total
---------------------------++-------
  Melee: Unarmed           ||    18
    Use: Potion            ||     2
 Armour: Animal skin       ||    13
  Dodge: Dodged            ||     9

Table legend: (Time is in decaauts)
 A = Elapsed time spent in this place.
 B = Non-inter-level travel time spent in this place.
 C = Inter-level travel time spent in this place.
 D = Time resting spent in this place.
 E = Time spent auto-exploring this place.
 F = Levels seen in this place.
 G = Mean time per level.
                   A        B        C        D        E       F      G
               +--------+--------+--------+--------+--------+-----+--------+
         Total |    101 |    101 |      0 |      0 |     62 |   1 |  101.0 |
       Dungeon |    101 |    101 |      0 |      0 |     62 |   1 |  101.0 |
               +--------+--------+--------+--------+--------+-----+--------+

Top non-repeatable levels by time:
       D: 101 daAuts
